 Dungeon Crawl Stone Soup version 0.21.1-1-g345015f (webtiles) character file.

46 Mirai the Sneak (level 3, 0/19 HPs)
             Began as a Kobold Enchanter on Apr 26, 2018.
             Succumbed to an adder's poison
             ... on level 2 of the Dungeon.
             The game lasted 00:03:16 (1131 turns).

Mirai the Sneak (Kobold Enchanter)                  Turns: 1131, Time: 00:03:16

Health: 0/19       AC:  4    Str:  6    XL:     3   Next: 92%
Magic:  1/6        EV: 18    Int: 16    God:
Gold:   27         SH:  0    Dex: 17    Spells: 4/7 levels left

rFire    . . .     SeeInvis .   o - +1 dagger (freeze)
rCold    . . .     Gourm    .   (shield restricted)
rNeg     . . .     Faith    .   b - +0 robe
rPois    .         Spirit   .   (no helmet)
rElec    .         Reflect  .   (no cloak)
rCorr    .         Harm     .   (no gloves)
MR       .....                  (no boots)
Stlth    +++.......             (no amulet)
HPRegen  0.06/turn              f - +2 ring of evasion
MPRegen  0.10/turn              (no ring)

@: lethally poisoned (0 -> -2)
A: small, icy blue scales 1, agile 1, carnivore, evolution 1
a: no special abilities


You were on level 2 of the Dungeon.
You were very full.

You visited 1 branch of the dungeon, and saw 2 of its levels.

You collected 27 gold pieces.

Inventory:

Hand Weapons
 o - a +1 dagger of freezing (weapon)
Armour
 b - a +0 robe (worn)
Jewellery
 f - a +2 ring of evasion (left hand)
Scrolls
 e - a scroll of amnesia {unknown}
 g - a scroll of teleportation {unknown}
 h - a scroll of enchant weapon {unknown}
 i - a scroll of magic mapping {unknown}
 l - 2 scrolls of identify {unknown}
 m - a scroll of remove curse {unknown}
Books
 c - a book of Maledictions

   Spells                             Type                      Level
   a - Corona                         Hexes                        1
   b - Ensorcelled Hibernation        Hexes/Ice                    2
   c - Confuse                        Hexes                        3
   d - Tukima's Dance                 Hexes                        3
   e - Dazzling Spray                 Conjuration/Hexes            3
Comestibles
 a - a chunk of flesh
 d - 3 rations


   Skills:
 + Level 2.4 Short Blades
 + Level 3.0 Dodging
 + Level 4.5 Stealth
 + Level 2.6 Spellcasting
 + Level 3.3 Hexes


You had 4 spell levels left.
You knew the following spells:

 Your Spells              Type           Power        Failure   Level  Hunger
a - Corona                Hex            ##.....      4%          1    #......
b - Ensorcelled Hibernat  Hex/Ice        #.....       16%         2    ##.....


Dungeon Overview and Level Annotations

Branches:
Dungeon (2/15)

Altars:


Innate Abilities, Weirdness & Mutations

You are small and have problems with some larger weapons.
You are carnivorous and can eat meat at any time.
You are partially covered in icy blue scales. (AC +2)
You are agile. (Dex +2)
You evolve.


Message History

You hit the adder. You freeze the adder.
The adder is almost dead.
You feel sick. The adder bites you.
* * * LOW HITPOINT WARNING * * *
The adder completely misses you.
Unknown command.
You barely miss the adder.
The adder is almost dead.
The adder closely misses you.
You hit the adder. You freeze the adder.
You kill the adder!
You see here an adder corpse.
You butcher the adder corpse.
* * * LOW HITPOINT WARNING * * *
You feel sick.
Things that are here:
2 chunks of flesh; an adder skeleton There isn't anything to butcher here.
You can't go down here!
You die...

### #.. #.#
#.# #.# #@#
#.# #####.#
#...#.#######
#....%....<.#
#...#.#####.#
##.##.# .#
... ..# .#
###....# .#


There were no monsters in sight!

Vanquished Creatures
  An adder (D:2)
  2 oozes (D:1)
  A dart slug (D:1)
  2 leopard geckos (D:1)
  3 giant cockroaches (D:1)
  2 goblins (D:1)
  4 hobgoblins (D:1)
  3 kobolds (D:1)
  A bat (D:1)
  2 frilled lizards (D:1)
  4 rats
25 creatures vanquished.

Notes
Turn   | Place    | Note
-------+----------+-------------------------------------------
     0 | D:1      | Mirai the Kobold Enchanter began the quest for the Orb.
     0 | D:1      | Reached XP level 1. HP: 10/10 MP: 3/3
   106 | D:1      | Reached XP level 2. HP: 13/15 MP: 5/5
   110 | D:1      | Learned a level 2 spell: Ensorcelled Hibernation
   455 | D:1      | Reached XP level 3. HP: 19/19 MP: 1/6
  1118 | D:2      | Gained mutation: You are agile. (Dex +2) [potion of mutation]
  1118 | D:2      | Gained mutation: You evolve. [potion of mutation]
  1118 | D:2      | Gained mutation: You are partially covered in icy blue scales. (AC +2) [potion of mutation]
  1131 | D:2      | Succumbed to an adder's poison

Skill      XL: |  1  2  3 |
---------------+----------+-----
Short Blades   | 2 |  2.4
Dodging        | 3 |  3.0
Stealth        | |  4.5
Spellcasting   | |  2.6
Hexes          | |  3.3

Action                   || total
-------------------------++-------
Melee: Dagger            ||   140
 Cast: Ensorcelled Hiber ||    10
  Use: Potion            ||     2
 Stab: Sleeping          ||     7
  Eat: Chunk             ||     9
Armor: Robe              ||    15
Dodge: Dodged            ||   139
